 Dungeon Crawl Stone Soup version 0.23-a0-760-g92239d2 (webtiles) character file.

102 SmSkdm the Insei (level 5, -2/35 HPs)
             Began as a Kitsune Transmuter on May 12, 2019.
             Slain by an ogre
             ... wielding a +0 giant spiked club
              (23 damage)
             ... on level 3 of the Dungeon.
             The game lasted 00:09:32 (2472 turns).

SmSkdm the Insei (Kitsune Transmuter)               Turns: 2472, Time: 00:09:32

Health: -2/35      AC:  8    Str:  8    XL:     5   Next: 5%
Magic:  8/8        EV:  3    Int: 17    God:
Gold:   126        SH:  0    Dex: 16    Spells: 2/8 levels left

rFire    . . .     SeeInvis .     - Unarmed
rCold    . . .     Gourm    .   (no shield)
rNeg     . . .     Faith    .   p - +0 chain mail
rPois    .         Spirit   .   (helmet restricted)
rElec    .         Reflect  .   (no cloak)
rCorr    .         Harm     .   (no gloves)
MR       .....                  (no boots)
Stlth    ..........             (no amulet)
HPRegen  0.11/turn              (no ring)
MPRegen  0.11/turn              (no ring)

@: exhausted
A: charm monsters, no helmets, claws 1
a: Charm Monsters


You were on level 3 of the Dungeon.
You were hungry.

You visited 1 branch of the dungeon, and saw 3 of its levels.

You collected 126 gold pieces.

Inventory:

Missiles
 a - 114 arrows (quivered)
Armour
 b - a +0 robe
 o - a +0 robe
 p - a +0 chain mail (worn)
Wands
 j - a wand of digging (4)
 q - a wand of paralysis (10)
Scrolls
 c - 4 scrolls of identify
 g - a scroll of remove curse
 i - a scroll of enchant armour {unknown}
 k - a scroll of fog {unknown}
 l - a scroll of random uselessness {unknown}
 m - a scroll of fear {unknown}
 n - a scroll of immolation {unknown}
Potions
 e - a potion of curing {unknown}
 f - a potion of lignification {unknown}
 h - a potion of haste {unknown}
Comestibles
 d - 5 rations


   Skills:
 + Level 2.5 Fighting
 - Level 1.5 Dodging
 + Level 3.9 Unarmed Combat
 - Level 2.4 Spellcasting
 - Level 2.1 Transmutations


You had 2 spell levels left.
You knew the following spells:

 Your Spells              Type           Power        Failure   Level  Hunger
a - Beastly Appendage     Tmut           #.....       100%        1    #......
b - Sticks to Snakes      Tmut           #.......     100%        2    ##.....
c - Spider Form           Tmut/Pois      #.........   100%        3    ###....

Your spell library contained the following spells:

 Spells                   Type           Power        Failure   Level  Hunger
 Ice Form                 Ice/Tmut       #.......     100%        4    #####..
 Blade Hands              Tmut           #.........   100%        5    ######.


Dungeon Overview and Level Annotations

Branches:
Dungeon (3/15)

Altars:
Ashenzari
Gozag


Innate Abilities, Weirdness & Mutations

You can charm monsters.
You have fox ears (no helmets).
You have sharp fingernails.


Message History

An ogre comes into view. It is wielding a +0 giant spiked club.
The leopard gecko hisses angrily.
The ogre shouts!
There is a dry fountain here.
The leopard gecko bites you but does no damage.
Your chain mail prevents you from hitting the leopard gecko.
The leopard gecko bites you but does no damage.
You closely miss the leopard gecko. The leopard gecko bites you.
You scratch the leopard gecko.
The leopard gecko is severely wounded.
The leopard gecko bites you but does no damage.
You scratch the leopard gecko.
You kill the leopard gecko!
The ogre hits you with a +0 giant spiked club!
Unknown command.
You closely miss the ogre.
Unknown command.
The ogre resists with almost no effort.
The ogre hits you with a +0 giant spiked club!!
Ouch! That really hurt!
You die...

.... .... .... ... #.# #.
###..#...# #........#
#######..###
+.......#⌠@##+.#.⌠.
####.†..#.O.......#
#..#..#..?....##
##.#...#....)..#
#..#...+..._...+
#..#...#.......# ##.#
#....###.......# ...#
#.....#.........#
#########..#..#⌠.##+##.⌠#


You could see an ogre.

Vanquished Creatures
  2 adders (D:2)
  An adder skeleton (D:2)
  4 dart slugs (D:1)
  6 leopard geckos
  2 orcs (D:3)
  5 bats
  2 giant cockroaches
  5 goblins
  10 hobgoblins
  4 jackals (D:3)
  4 frilled lizards
  3 kobolds
  5 rats
53 creatures vanquished.

Vanquished Creatures (collateral kills)
  A gnoll (D:1)
  A goblin (D:1)
  2 hobgoblins (D:1)
  A rat (D:1)
5 creatures vanquished.

Grand Total: 58 creatures vanquished

Notes
Turn   | Place    | Note
-------+----------+-------------------------------------------
     0 | D:1      | SmSkdm the Kitsune Transmuter began the quest for the Orb.
     0 | D:1      | Reached XP level 1. HP: 12/12 MP: 3/3
    62 | D:1      | Reached skill level 1 in Fighting
   288 | D:1      | Reached XP level 2. HP: 18/18 MP: 5/5
   304 | D:1      | Reached skill level 3 in Unarmed Combat
   432 | D:1      | Learned a level 2 spell: Sticks to Snakes
   449 | D:1      | Reached XP level 3. HP: 7/24 MP: 2/6
  1164 | D:2      | Found an opulent altar of Gozag.
  1253 | D:2      | Reached XP level 4. HP: 27/29 MP: 7/7
  1958 | D:3      | Learned a level 3 spell: Spider Form
  2363 | D:3      | Reached XP level 5. HP: 33/35 MP: 8/8
  2461 | D:3      | Found a shattered altar of Ashenzari.
  2463 | D:3      | Noticed an ogre
  2472 | D:3      | Slain by an ogre

Vault maps used:
D:1:      matt_arrival_refuge
D:2:      minmay_spotlight, first_ration, st_stairs_11,
          nicolae_gozag_seed_capital
D:3:      evilmike_ruin_ashenzari

Skill      XL: |  1  2  3 |
---------------+----------+-----
Fighting       | 1 2 |  2.5
Unarmed Combat | 3 |  3.9
Dodging        | |  1.5
Spellcasting   | |  2.4
Transmutations | |  2.1

Action                   |  1- 3 |  4- 6 || total
-------------------------+-------+-------++-------
Melee: Unarmed           |    81 |    90 ||   171
       Headbutt          |     1 |     1 ||     2
       Punch             |     1 |       ||     1
 Cast: Sticks to Snakes  |     2 |     5 ||     7
       Beastly Appendage |     1 |     2 ||     3
       Spider Form       |       |     1 ||     1
 Abil: Charm Monsters    |     2 |     3 ||     5
  Use: Scroll            |       |     2 ||     2
  Eat: Chunk             |       |     5 ||     5
Armor: Robe              |     7 |     6 ||    13
       Chain mail        |       |    16 ||    16
       Skin              |       |     1 ||     1
Dodge: Dodged            |    35 |    34 ||    69

Table legend:
 A = Non-vault XP
 B = Vault XP
 C = Vault XP percentage of total XP
 D = Non-vault monster count
 E = Vault monster count
 F = Vault count percentage of total count
                 A         B        C        D         E       F
            +---------+---------+-------+---------+---------+-------
      Total |     123 |      23 |  15.8 |      52 |       6 |  10.3
            +---------+---------+-------+---------+---------+-------
        D:1 |      68 |       0 |   0.0 |      31 |       0 |   0.0
        D:2 |      22 |      23 |  51.1 |       4 |       6 |  60.0
        D:3 |      33 |       0 |   0.0 |      17 |       0 |   0.0
            +---------+---------+-------+---------+---------+-------
